 Dungeon Crawl Stone Soup version 0.20.0-7-g3b7b877 (webtiles) character file.

1432 mopl the Arsonist (level 8, -1/41 HPs)
             Began as a Deep Elf Fire Elementalist on May 29, 2017.
             Was an Initiate of Vehumet.
             Slain by a centaur (7 damage)
             ... on level 7 of the Dungeon.
             The game lasted 00:11:04 (4786 turns).

mopl the Arsonist (Deep Elf Fire Elementalist)      Turns: 4786, Time: 00:11:04

Health: -1/41      AC:  4    Str:  5    XL:     8   Next: 45%
Magic:  19/19      EV: 13    Int: 23    God:    Vehumet [......]
Gold:   38         SH:  0    Dex: 15    Spells: 7/20 levels left

rFire    . . .     SeeInvis +   u - +0 quarterstaff
rCold    + . .     Gourm    .   (shield currently unavailable)
rNeg     . . .     Faith    .   a - +0 robe
rPois    .         Spirit   .   p - +0 helmet (curse)
rElec    .         Reflect  .   (no cloak)
rCorr    .         Harm     .   x - +0 pair of gloves
MR       .....                  (no boots)
Stlth    ++........             D - amulet of regeneration
Regen    0.6/turn               C - ring of protection from cold
MPRegen  0.2/turn               y - ring of see invisible

@: no status effects
A: no striking features
a: Renounce Religion


You were on level 7 of the Dungeon.
You worshipped Vehumet.
Vehumet was noncommittal.
You were not hungry.

You visited 2 branches of the dungeon, and saw 8 of its levels.

You collected 293 gold pieces.
You spent 255 gold pieces at shops.

Inventory:

Hand Weapons
 u - a +0 quarterstaff (weapon)
Armour
 a - a +0 robe (worn)
 p - a cursed +0 helmet (worn)
 x - a +0 pair of gloves (worn)
Jewellery
 s - a +5 ring of dexterity
 y - a ring of see invisible (right hand)
 C - a ring of protection from cold (left hand)
 D - an amulet of regeneration (around neck)
Wands
 f - a wand of digging (4/24)
 z - a wand of random effects (3/48)
Scrolls
 d - a scroll of amnesia {unknown}
 e - 9 scrolls of identify {unknown}
 h - 4 scrolls of remove curse {unknown}
 j - 2 scrolls of fog {unknown}
 k - 2 scrolls of recharging {unknown}
 n - 2 scrolls of enchant weapon {unknown}
 v - 2 scrolls of teleportation {unknown}
 A - a scroll of magic mapping {unknown}
 E - a scroll of random uselessness
Potions
 g - 4 potions of mutation {!q}
 i - 2 potions of heal wounds {unknown}
 l - a potion of invisibility {unknown}
 m - a potion of flight {unknown}
 q - 2 potions of magic {unknown}
 r - 3 potions of haste {unknown}
 t - a potion of curing {unknown}
 w - a potion of resistance {unknown}
 F - a potion of cancellation
Comestibles
 b - 6 chunks of flesh
 c - 3 bread rations
 o - 3 meat rations
 B - a fruit


   Skills:
 - Level 2.4 Dodging
 - Level 2.4 Stealth
 + Level 6.5 Spellcasting
 * Level 7.3 Conjurations
 * Level 8.0 Fire Magic


You had 7 spell levels left.
You knew the following spells:

 Your Spells              Type           Power        Failure   Level  Hunger
a - Flame Tongue          Conj/Fire      #####        1%          1    None
c - Conjure Flame         Conj/Fire      #####...     1%          3    None
d - Sticky Flame          Conj/Fire      #####...     3%          4    ###....
f - Fireball              Conj/Fire      #####.....   10%         5    #####..


Dungeon Overview and Level Annotations

Branches:
Dungeon (7/15)             Temple (1/1) D:6

Altars:
Ashenzari
Cheibriados
Elyvilon
Gozag
Hepliaklqana
Makhleb
Nemelex Xobeh
Qazlal
Ru
Sif Muna
Trog
Uskayaw
Vehumet
Yredelemnul
Zin

Shops:
D:7 *


Message History

Unknown command.
There is an open door here.
A jelly comes into view.
A centaur comes into view.
The centaur wields a shortbow.
The centaur shoots an arrow.
The arrow hits you!
You see here an arrow.
The centaur shoots an arrow.
The arrow hits you!
The centaur shoots an arrow.
The arrow hits you!
Found a scroll labeled BORONA WIKHLIA.
You see here 2 arrows.
Unknown command.
The centaur shoots an arrow.
The arrow hits you!
* * * LOW HITPOINT WARNING * * *
You see here 2 arrows.
You start resting.
The centaur shoots an arrow.
The arrow hits you.
* * * LOW HITPOINT WARNING * * *
The centaur unwields an uncursed shortbow.
The centaur hits you!
You die...

.#. .# .. #...## ....
.###...)....## .J..#
#####.#.........##
.....##.#............##
......................#
..........#.#.........#
........##..##..>.....#
.......(##(.##........#
......##c@..#.#.......####
?......#.#..##...........#
........###.#.#...........
...(....#∩'...............
........###.#...........÷.
# ..........#.###.###.....
..........#.# ### ###...
............# # ##..
............#.# #..


You could see a centaur.

Vanquished Creatures
  A moth of wrath (D:3)
  Edmund (D:5)
  The ghost of mopl the Firebug, an amateur DEFE (D:3)
  An orc warrior (D:6)
  A gnoll sergeant (D:6)
  A crimson imp (D:4)
  A hound (D:5)
  A centaur zombie (D:6)
  4 bullfrog zombies
  A centaur skeleton (D:5)
  2 orc priests (D:6)
  A bullfrog skeleton (D:3)
  5 worker ants
  A hound skeleton (D:4)
  2 worker ant zombies
  5 adders
  5 gnolls
  A shadow imp (D:7)
  5 worms
  5 leopard geckos
  5 orcs (D:6)
  A ball python (D:6)
  9 bats
  5 giant cockroaches
  3 hobgoblins
  7 jackals
  A quokka (D:7)
  3 frilled lizards
  8 goblins
  7 kobolds
  11 rats
105 creatures vanquished.

Notes
Turn   | Place    | Note
-------+----------+-------------------------------------------
     0 | D:1      | mopl the Deep Elf Fire Elementalist began the quest for the Orb.
     0 | D:1      | Reached XP level 1. HP: 10/10 MP: 6/6
   175 | D:1      | Reached XP level 2. HP: 15/15 MP: 5/8
   218 | D:1      | Reached skill level 2 in Conjurations
   729 | D:2      | Reached XP level 3. HP: 19/19 MP: 6/9
   734 | D:2      | Learned a level 3 spell: Conjure Flame
   931 | D:3      | Noticed mopl's ghost (amateur DEFE)
  1033 | D:3      | Killed mopl's ghost
  1033 | D:3      | Reached skill level 3 in Conjurations
  1033 | D:3      | Reached skill level 4 in Fire Magic
  1033 | D:3      | Reached XP level 4. HP: 6/24 MP: 0/11
  1033 | D:3      | Reached XP level 5. HP: 7/28 MP: 0/12
  1168 | D:3      | Learned a level 4 spell: Sticky Flame
  1236 | D:3      | Reached skill level 4 in Spellcasting
  1422 | D:3      | Reached skill level 5 in Fire Magic
  1577 | D:3      | Reached skill level 4 in Conjurations
  1894 | D:3      | Found an opulent altar of Gozag.
  1942 | D:3      | Noticed a moth of wrath
  1956 | D:3      | Found a bloodstained altar of Trog.
  2501 | D:4      | Reached XP level 6. HP: 21/32 MP: 7/14
  2508 | D:4      | Learned a level 5 spell: Fireball
  2716 | D:5      | Entered Level 5 of the Dungeon
  2810 | D:5      | Found a basalt altar of Yredelemnul.
  2816 | D:5      | Found a hazy altar of Hepliaklqana.
  2816 | D:5      | Found a hide-covered altar of Uskayaw.
  2820 | D:5      | Found a bloodstained altar of Trog.
  2924 | D:5      | Noticed an angel
  2925 | D:5      | Found a glowing silver altar of Zin.
  2954 | D:5      | Noticed Edmund
  2991 | D:5      | Killed Edmund
  2991 | D:5      | Reached skill level 5 in Spellcasting
  2991 | D:5      | Reached skill level 5 in Conjurations
  2991 | D:5      | Reached skill level 6 in Fire Magic
  3026 | D:5      | Reached XP level 7. HP: 28/36 MP: 0/16
  3206 | D:6      | Found a stormy altar of Qazlal.
  3206 | D:6      | Noticed an air elemental
  3413 | D:6      | Noticed a fire elemental
  3413 | D:6      | Noticed a water elemental
  3774 | D:6      | Reached skill level 6 in Conjurations
  3874 | D:6      | Found a shattered altar of Ashenzari.
  4168 | D:6      | Reached skill level 7 in Fire Magic
  4200 | D:6      | Reached XP level 8. HP: 41/41 MP: 8/18
  4251 | D:6      | Found a staircase to the Ecumenical Temple.
  4344 | Temple   | Entered the Ecumenical Temple
  4354 | Temple   | Became a worshipper of Vehumet
  4437 | D:4      | Reached skill level 6 in Spellcasting
  4539 | D:3      | Killed a moth of wrath
  4539 | D:3      | Reached skill level 7 in Conjurations
  4539 | D:3      | Reached skill level 8 in Fire Magic
  4770 | D:7      | Found Fuiplutu's General Store.
  4773 | D:7      | Bought a scroll of random uselessness for 15 gold pieces
  4773 | D:7      | Bought a potion of cancellation for 120 gold pieces
  4773 | D:7      | Bought a potion of mutation for 120 gold pieces
  4786 | D:7      | Slain by a centaur

Skill      XL: |  1  2  3  4  5  6  7  8 |
---------------+-------------------------+-----
Conjurations   | 2 3 4 5 6 7 |  7.3
Fire Magic     | 4 5 6 7 8 |  8.0
Spellcasting   | 4 5 6 |  6.5
Dodging        | |  2.4
Stealth        | |  2.4

Action                   |  1- 3 |  4- 6 |  7- 9 || total
-------------------------+-------+-------+-------++-------
Melee: Unarmed           |     3 |       |       ||     3
       Quarterstaff      |       |     6 |    18 ||    24
 Cast: Flame Tongue      |    57 |    38 |    46 ||   141
       Conjure Flame     |     3 |     3 |     4 ||    10
       Sticky Flame      |       |    17 |    12 ||    29
       Fireball          |       |       |     1 ||     1
Evoke: Wand              |       |       |     4 ||     4
  Eat: Chunk             |       |     8 |     6 ||    14
       Royal jelly       |       |       |     1 ||     1
       Fruit             |       |       |     1 ||     1
Armor: Robe              |     8 |     9 |    11 ||    28
Dodge: Dodged            |    19 |    30 |    43 ||    92
